 Dungeon Crawl Stone Soup version 0.25-a0-435-g4b9beb1024 (webtiles) character file.

Game seed: 13328351329660934390, levelgen mode: deterministic

29608 BeastOfSaturn the Spear-Bearer (level 13, -3/85 HPs)
             Began as a Demonspawn Venom Mage on Jan 26, 2020.
             Was a High Priest of Hepliaklqana.
             Killed from afar by a fire dragon (37 damage)
             ... with a blast of flame
             ... on level 13 of the Dungeon on Jan 28, 2020.
             The game lasted 01:44:16 (16444 turns).

BeastOfSaturn the Spear-Bearer (DsVM)              Turns: 16444, Time: 01:44:17

Health: -3/85      AC: 16    Str: 19    XL:     13   Next: 16%
Magic:  23/23      EV: 11    Int: 19    God:    Hepliaklqana [*****.]
Gold:   1258       SH: 11    Dex: 13    Spells: 16/26 levels left

rFire    . . .     SeeInvis .   j - +5 spear (venom)
rCold    . . .     Gourm    .   l - +0 shield
rNeg     . . .     Faith    .   O - +1 troll leather armour {Snorg}
rPois    +         Spirit   .   r - +1 hat
rElec    .         Reflect  .   J - +1 cloak
rCorr    +         Harm     .   i - +2 pair of gloves
MR       .....                  (boots unavailable)
Stlth    +.........             (no amulet)
HPRegen  0.64/turn              A - ring of poison resistance
MPRegen  0.18/turn              I - ring of resist corrosion

@: mighty
A: reduced essence, hooves 3, molten scales 2, sense surroundings 1, powered by
pain 2, spiny 1, strong 1
a: Recall Ancestor, Ancestor Identity, Transference, Idealise, Renounce Religion


You were on level 13 of the Dungeon.
You worshipped Hepliaklqana.
Hepliaklqana was extremely pleased with you.
You were not hungry.

You visited 3 branches of the dungeon, and saw 15 of its levels.

You collected 1306 gold pieces.
You spent 48 gold pieces at shops.

Inventory:

Hand Weapons
 j - a +5 spear of venom (weapon)
 N - a +2 trident of protection
Armour
 i - a +2 pair of gloves (worn)
 l - a +0 shield (worn)
 r - a +1 hat (worn)
 H - a +0 troll leather armour
 J - a +1 cloak (worn)
 O - a +1 troll leather armour (worn) {Snorg}
Jewellery
 q - an uncursed ring of flight
 u - a +4 ring of dexterity
 A - a ring of poison resistance (left hand)
 I - a ring of resist corrosion (right hand)
 L - an uncursed ring of ice
 M - an uncursed ring of magical power
Wands
 d - a wand of acid (17)
 p - a wand of iceblast (41)
 t - a wand of flame (13)
 z - a wand of enslavement (5)
 E - a wand of polymorph (15)
 G - a wand of digging (3)
Scrolls
 a - 2 scrolls of noise
 e - 2 scrolls of teleportation
 f - 2 scrolls of magic mapping
 o - a scroll of enchant weapon
 v - a scroll of remove curse
 y - a scroll of fear
 B - 2 scrolls of identify
Potions
 b - 2 potions of mutation
 g - 2 potions of might
 h - 2 potions of cancellation
 m - a potion of brilliance
 n - 2 potions of haste
 s - 2 potions of flight
 w - a potion of curing
 x - a potion of resistance
 F - a potion of agility
 K - a potion of invisibility
Comestibles
 c - 13 rations


   Skills:
 + Level 6.9 Fighting
   Level 0.3 Short Blades
 + Level 10.2 Polearms
 * Level 9.0 Armour
 - Level 2.0 Dodging
 - Level 1.7 Stealth
 * Level 9.7 Shields
 + Level 7.0 Spellcasting
 + Level 1.4 Transmutations
 + Level 5.1 Air Magic
 + Level 7.6 Poison Magic
 + Level 0.1 Invocations


You had 16 spell levels left.
You knew the following spells:

 Your Spells              Type           Power        Failure   Level  Hunger
a - Sting                 Tmut/Pois      ###.         3%          1    None
b - Poisonous Vapours     Pois/Air       ####..       2%          2    None
c - Olgreb's Toxic Radia  Pois           #####...     10%         4    ###....
d - Mephitic Cloud        Conj/Pois/Air  ###.....     12%         3    #......

Your spell library contained the following spells:

 Spells                   Type           Power        Failure   Level  Hunger
 Ignite Poison            Fire/Tmut/Pois ###.....     21%         3    #......


Dungeon Overview and Level Annotations

Branches:
Dungeon (13/15)            Temple (0/1) D:6            Lair (1/6) D:11
    Orc (1/2) D:10         Vaults (0/5) D:13

Altars:
Dithmenos
Elyvilon
Gozag
Hepliaklqana
Makhleb
Okawaru
Qazlal
Ru
Sif Muna
Trog
Vehumet
Yredelemnul
Zin
The Shining One

Shops:
D:8 }   D:12 %   D:13 !

Annotations:
D:4 1 runed translucent door, Armakuni's ghost, novice HuMo


Innate Abilities, Weirdness & Mutations

You have hooves in place of feet.
You are mostly covered in molten scales. (AC +3)
You sometimes gain power by taking damage.
You are partially covered in sharp spines.
Your life essence is reduced to manifest your ancestor. (-10% HP)
You passively map a small area around you.
Your muscles are strong. (Str +2)


Message History

You barely miss the fire dragon.
The fire dragon is almost dead.
The fire dragon breathes flames at you. The blast of flame hits you!!
You focus on the pain.
You feel very mighty all of a sudden.
You puncture the fire dragon!
You kick the fire dragon, but do no damage.
The fire dragon is almost dead.
You hit the fire dragon.
The fire dragon looks as sick as possible!
The fire dragon is almost dead.
The fire dragon bites you!
You focus on the pain.
You feel your power returning. You block the fire dragon's attack.
The fire dragon tramples you.
You stumble backwards!
You closely miss the fire dragon.
You kick the fire dragon, but do no damage.
The fire dragon is almost dead.
The fire dragon breathes flames at you. The blast of flame hits you!!!
You die...

##.......##.##.##.####
#.##.# .#.......#.###.#
#.# #.##.# ..D........#
#.# .# #.##.#
.##........###.# # #.##.#
.##.........##.# #.##.#
.#######.......#
##.##.### .# ##.#.#...#
#..##..(< .#
#.#.#############.##.....
.#
#......D@.<..........##..
.
###)#############.#####.#
#.# #.# #.# , #.# #.#
###.# * #.# #.# #.... *
#D# #.# #.#.# # #.# #.#
#^#.* # #.# #.# #.#.# #
#.# #.# #....


You could see a fire dragon.

Vanquished Creatures
  Snorg (Orc:1)
  The ghost of BeastOfSaturn the Cleaver, a journeyman DsNe of Hepliaklqana (Orc:1)
  2 two-headed ogres
  A centaur warrior (D:13)
  A tengu warrior (D:11)
  Sonja (D:11)
  3 unseen horrors
  2 ugly things
  An orc knight (Orc:1)
  A wolf spider zombie (D:12)
  An oklob plant (D:11)
  A manticore (D:13)
  An orc sorcerer (D:10)
  Maurice (D:8)
  A gargoyle (D:13)
  A kobold demonologist (D:9)
  6 trolls
  A tengu conjurer (D:11)
  2 hornets
  2 hippogriffs
  5 slime creatures (D:11)
  A human (D:7)
  3 wraiths
  2 hungry ghosts (D:9)
  4 yaks
  3 hogs (D:7)
  A warg (Orc:1)
  A two-headed ogre zombie (D:10)
  2 water moccasins
  A floating eye (D:10)
  2 ice beasts
  3 black bears
  A hornet zombie (D:13)
  6 orc warriors
  A sky beast (D:9)
  2 eyes of draining
  A necrophage (D:11)
  6 ogres
  7 centaurs
  A crocodile (D:11)
  14 big kobolds
  8 bullfrogs
  A wyvern zombie (D:12)
  4 scorpions
  13 killer bees
  A howler monkey (D:10)
  6 wights
  6 crimson imps
  A centaur zombie (D:10)
  A bullfrog zombie (D:8)
  A bullfrog skeleton (D:12)
  8 hounds
  5 jellies
  7 orc priests
  11 orc wizards
  4 iguanas
  5 worker ants
  5 ogre zombies (D:10)
  A hound zombie (D:9)
  A hound skeleton (D:6)
  7 gnolls
  10 adders
  A shadow imp (D:13)
  A worm (D:4)
  2 dart slugs
  5 leopard geckos
  44 orcs
  5 bats
  2 giant cockroaches
  8 goblins
  7 hobgoblins
  10 jackals
  18 kobolds
  6 quokkas
  2 ball pythons
  7 frilled lizards
  5 goblin skeletons
  3 goblin zombies (D:10)
  A hobgoblin skeleton (D:10)
  4 hobgoblin zombies
  A kobold zombie (D:5)
  4 orc skeletons
  6 orc zombies
  6 rats
352 creatures vanquished.

Vanquished Creatures (collateral kills)
  Erolcha (D:9)
  Josephine (D:11)
  A deep elf mage (D:12)
  A cyclops (Orc:1)
  A komodo dragon (D:12)
  A tengu conjurer (D:11)
  2 trolls
  A wolf spider simulacrum (D:13)
  A dream sheep (shapeshifter) (D:13)
  3 wraiths (D:11)
  3 yaks
  A hungry ghost (D:11)
  A hog (D:7)
  An acid dragon (D:11)
  A floating eye (D:10)
  A sky beast (D:11)
  An ice beast (D:10)
  2 phantoms
  An ogre (D:4)
  4 crocodiles
  3 big kobolds
  A gnoll sergeant (D:4)
  3 bullfrogs
  A troll zombie (D:10)
  A wight (D:8)
  A howler monkey (D:6)
  4 crimson imps
  2 quasits
  A centaur zombie (D:3)
  2 bullfrog zombies
  2 hounds
  6 orc priests
  2 jellies
  2 centaur skeletons
  4 orc wizards
  An ogre zombie (D:10)
  A hound zombie (D:11)
  3 gnolls
  An adder (D:7)
  A white imp (D:8)
  2 adder skeletons
  A leopard gecko (D:5)
  20 orcs
  A goblin (D:4)
  5 jackals
  2 quokkas
  A goblin skeleton (D:10)
  3 hobgoblin zombies (D:10)
  2 kobolds
  2 orc skeletons
  2 orc zombies (D:10)
  A rat (D:2)
  A plant (D:11)
114 creatures vanquished.

Vanquished Creatures (others)
  17 knights
  4 ancestors
21 creatures vanquished.

Grand Total: 487 creatures vanquished

Notes
Turn   | Place    | Note
-------+----------+-------------------------------------------
     0 | D:1      | BeastOfSaturn the Demonspawn Venom Mage began the quest for
                  | the Orb.
     0 | D:1      | Reached XP level 1. HP: 13/13 MP: 3/3
   491 | D:1      | Gained mutation: You are partially covered in molten
                  | scales. (AC +2) [demonic ancestry]
   491 | D:1      | Reached XP level 2. HP: 8/19 MP: 1/5
   776 | D:1      | Learned a level 2 spell: Poisonous Vapours
  1154 | D:2      | Found a hazy altar of Hepliaklqana.
  1171 | D:2      | Became a worshipper of Hepliaklqana the Forgotten
  1201 | D:2      | Reached skill level 1 in Transmutations
  1234 | D:2      | Gained mutation: You have large cloven feet. [demonic
                  | ancestry]
  1234 | D:2      | Reached XP level 3. HP: 5/21 MP: 1/6
  1320 | D:2      | Reached skill level 1 in Armour
  1847 | D:2      | Found a sacrificial altar of Ru.
  2066 | D:3      | Reached * piety under Hepliaklqana
  2347 | D:3      | Gained mutation: You have hoof-like feet. [demonic
                  | ancestry]
  2347 | D:3      | Reached XP level 4. HP: 27/27 MP: 1/7
  2453 | D:3      | Found a shadowy altar of Dithmenos.
  2513 | D:3      | Reached skill level 1 in Air Magic
  2527 | D:3      | Learned a level 4 spell: Olgreb's Toxic Radiance
  3054 | D:4      | Gained mutation: You sometimes gain a little power by
                  | taking damage. [demonic ancestry]
  3054 | D:4      | Reached XP level 5. HP: 32/32 MP: 8/8
  3123 | D:4      | Reached skill level 1 in Polearms
  3302 | D:4      | Found a radiant altar of Vehumet.
  3320 | D:4      | Found a glowing silver altar of Zin.
  3320 | D:4      | Noticed an angel
  3351 | D:4      | Reached ** piety under Hepliaklqana
  3352 | D:4      | Remembered your ancestor Mimas as a knight
  3388 | D:4      | Noticed an ogre
  3415 | D:4      | Found a runed translucent door.
  3415 | D:4      | Noticed Armakuni's ghost (novice HuMo)
  3510 | D:4      | Gained mutation: You sometimes gain power by taking damage.
                  | [demonic ancestry]
  3510 | D:4      | Reached XP level 6. HP: 37/37 MP: 5/10
  3548 | D:4      | Reached skill level 1 in Fighting
  3655 | D:4      | Reached skill level 2 in Polearms
  3692 | D:4      | Found an iron altar of Okawaru.
  3692 | D:4      | Found a burning altar of Makhleb.
  3923 | D:5      | Entered Level 5 of the Dungeon
  4009 | D:4      | Gained mutation: You have hooves in place of feet. [demonic
                  | ancestry]
  4009 | D:4      | Reached XP level 7. HP: 3/43 MP: 8/12
  4962 | D:5      | Found a glowing golden altar of the Shining One.
  5119 | D:5      | Reached skill level 1 in Shields
  5696 | D:6      | Gained mutation: You are mostly covered in molten scales.
                  | (AC +3) [demonic ancestry]
  5696 | D:6      | Reached XP level 8. HP: 37/50 MP: 12/14
  5709 | D:6      | Reached skill level 5 in Poison Magic
  5842 | D:6      | Reached skill level 3 in Polearms
  5955 | D:6      | Found a bloodstained altar of Trog.
  6115 | D:6      | Gained mutation: You passively map a small area around you.
                  | [potion of mutation]
  6115 | D:6      | Gained mutation: Your muscles are strong. (Str +2) [potion
                  | of mutation]
  6144 | D:6      | Reached *** piety under Hepliaklqana
  6243 | D:6      | Found a staircase to the Ecumenical Temple.
  7085 | D:7      | Reached skill level 4 in Polearms
  7110 | D:7      | Reached XP level 9. HP: 8/55 MP: 15/15
  7674 | D:8      | Reached skill level 5 in Armour
  7732 | D:8      | Reached skill level 5 in Shields
  7741 | D:8      | Noticed Maurice
  7756 | D:8      | Killed Maurice
  7756 | D:8      | Reached skill level 5 in Polearms
  7896 | D:8      | Found Qerghafi's Gadget Emporium.
  7896 | D:8      | Reached **** piety under Hepliaklqana
  8807 | D:8      | Found a shimmering blue altar of Sif Muna.
  8902 | D:9      | Noticed a kobold demonologist
  8920 | D:9      | Noticed a red devil
  8929 | D:9      | Killed a kobold demonologist
  8929 | D:9      | Gained mutation: You are partially covered in sharp spines.
                  | [demonic ancestry]
  8929 | D:9      | Reached XP level 10. HP: 55/63 MP: 14/17
  8947 | D:9      | Reached skill level 6 in Polearms
  8978 | D:8      | Reached skill level 5 in Spellcasting
  9353 | D:9      | Found a basalt altar of Yredelemnul.
  9793 | D:9      | Noticed Erolcha
  9807 | D:9      | Killed Erolcha
  9877 | D:9      | Found a white marble altar of Elyvilon.
 10045 | D:10     | Entered Level 10 of the Dungeon
 10051 | D:9      | Reached skill level 7 in Polearms
 10750 | D:10     | Reached XP level 11. HP: 69/70 MP: 19/19
 10757 | D:10     | Paralysed by a floating eye for 3 turns
 10769 | D:10     | Paralysed by a floating eye for 3 turns
 10935 | D:10     | Reached skill level 5 in Fighting
 11123 | D:10     | Found a staircase to the Orcish Mines.
 11123 | D:10     | Noticed an orc sorcerer
 11128 | D:10     | Noticed a sun demon
 11134 | D:10     | Killed an orc sorcerer
 11255 | D:10     | Reached skill level 8 in Polearms
 11385 | D:10     | Reached ***** piety under Hepliaklqana
 11630 | D:11     | Noticed a tengu warrior
 11650 | D:11     | Killed a tengu warrior
 11754 | D:11     | Found a stormy altar of Qazlal.
 11755 | D:11     | Noticed an oklob plant
 11966 | D:11     | Found a staircase to the Lair.
 12061 | D:11     | Noticed Josephine
 12079 | D:11     | Killed Josephine
 12079 | D:11     | Noticed a red ugly thing
 12096 | D:11     | Killed a red ugly thing
 12575 | D:11     | Reached XP level 12. HP: 78/78 MP: 20/20
 12580 | D:11     | Learned a level 3 spell: Mephitic Cloud
 12609 | D:11     | Noticed Sonja
 12612 | D:11     | Reached skill level 9 in Polearms
 12675 | D:11     | Killed Sonja
 13276 | D:12     | Found Ricaoz's Food Shoppe.
 13941 | D:13     | Found a gate leading to a gauntlet.
 14045 | D:13     | Found Horek's Distillery.
 14059 | D:13     | Noticed a centaur warrior
 14068 | D:13     | Killed a centaur warrior
 14170 | D:13     | Bought a potion of curing for 48 gold pieces
 14319 | D:13     | Reached skill level 10 in Polearms
 14376 | D:13     | Noticed a two-headed ogre
 14384 | D:13     | Killed a two-headed ogre
 14790 | D:13     | Found a gate to the Vaults.
 14791 | D:13     | Noticed a fire dragon
 14805 | D:13     | HP: 1/80 [fire dragon/blast of flame (26)]
 14985 | Lair:1   | Entered Level 1 of the Lair of Beasts
 14985 | Lair:1   | Noticed a seven-headed hydra
 15068 | Orc:1    | Entered Level 1 of the Orcish Mines
 15212 | Orc:1    | Found a runed translucent gate.
 15212 | Orc:1    | Found a runed translucent gate.
 15212 | Orc:1    | Found a runed translucent gate.
 15214 | Orc:1    | Found an opulent altar of Gozag.
 15247 | D:10     | Reached skill level 5 in Air Magic
 15311 | Orc:1    | Reached XP level 13. HP: 64/85 MP: 23/23
 15566 | Orc:1    | Noticed BeastOfSaturn's ghost (journeyman DsNe)
 15601 | Orc:1    | Noticed Snorg
 15959 | Orc:1    | Killed Snorg
 16032 | Orc:1    | Killed BeastOfSaturn's ghost
 16444 | D:13     | Killed from afar by a fire dragon

Levels and vault maps discovered:
D:1:      dpeg_arrival_chase, layout_loops_cross
D:2:      layout_loops_ring, nicolae_overflow_crystal_walls, old_standard_altar
D:3:      layout_basic, nicolae_dithmenos_shadow_blocks
D:4:      layout_loops_ring, vehumet_altar_wand_db,
          amethyst_overflow_temple_binary, zin_angel, gammafunk_ghost_grave
D:5:      layout_basic, first_ration, serial_curves, eino_curves_01,
          eino_curves_03, nicolae_tso_besieged_by_evil
D:6:      layout_basic, old_standard_altar, minmay_temple_entry_enclosed_plants
D:7:      layout_basic, grunt_livestock
D:8:      kennysheep_orc_sif_temple, layout_basic, serial_shops, shop,
          minmay_fire_ice_demons, uniq_maurice
D:9:      layout_roguey [special_room_kobold], nicolae_overflow_hidden_temple,
          kennysheep_little_box, abandoned_shop, eino_tiny_chamber, uniq_erolcha
D:10:     layout_rooms, zombieorc2_lemuel, chequers_serial_rivers_micro_a,
          onia_ninara_cookie
D:11:     minmay_recursive_quarters, layout_small_grid, erik_lair_dragon,
          serial_glass, glass_columns_c, glass_columns_c, lemuel_oklob_altar,
          uniq_sonja, uniq_josephine
D:12:     layout_irregular_city, serial_shops, shop, serial_column_ruins,
          column_ruins_hut, column_ruins_columns_straight, column_ruins_grid_1,
          column_ruins_grid_2, column_ruins_columns_corner,
          column_ruins_open_small, column_ruins_open_medium,
          nicolae_straight_to_the_point
D:13:     layout_loops_ring, david_vaults_2, gauntlet_entry_generic,
          serial_shops, nicolae_shop_statue_plus
Lair:1:   layout_regular_city, pond
Orc:1:    layout_caves, ebering_ghost_gozag, uniq_snorg

Skill      XL: |  1  2  3  4  5  6  7  8  9 10 11 12 13 |
---------------+----------------------------------------+-----
Transmutations | 1 |  1.4
Armour         | 1 2 3 4 5 6 7 8 9 |  9.0
Air Magic      | 1 2 3 4 5 |  5.1
Dodging        | 2 |  2.0
Poison Magic   | 4 5 6 7 |  7.6
Polearms       | 1 2 4 5 7 8 10 | 10.2
Spellcasting   | 3 4 5 6 7 |  7.0
Fighting       | 1 2 3 4 5 6 |  6.9
Shields        | 1 4 6 7 8 9 |  9.7
Short Blades   | |  0.3
Stealth        | |  1.7
Invocations    | |  0.1

Action                   |  1- 3 |  4- 6 |  7- 9 | 10-12 | 13-15 || total
-------------------------+-------+-------+-------+-------+-------++-------
Melee: Dagger            |    31 |       |       |       |       ||    31
       Unarmed           |     3 |       |       |       |       ||     3
       Spear             |    37 |    88 |   338 |   692 |    54 ||  1209
       Kick              |     7 |    18 |    55 |   146 |     6 ||   232
 Cast: Sting             |    25 |     3 |       |       |    10 ||    38
       Poisonous Vapours |    15 |    16 |    13 |    53 |     9 ||   106
       Olgreb's Toxic Ra |       |     3 |     1 |     4 |     4 ||    12
       Mephitic Cloud    |       |       |       |       |     3 ||     3
Invok: Ancestor Identity |       |     1 |       |       |       ||     1
       Ancestor Life: Kn |       |     1 |       |       |       ||     1
       Recall Ancestor   |       |       |       |     1 |       ||     1
       Idealise          |       |       |       |       |     1 ||     1
  Use: Scroll            |       |     3 |     8 |    15 |     2 ||    28
       Potion            |       |     1 |     4 |     1 |     2 ||     8
 Stab: Sleeping          |     2 |       |     1 |     5 |       ||     8
       Distracted        |       |       |     1 |     6 |       ||     7
       Confused          |       |       |       |       |     3 ||     3
  Eat: Ration            |     2 |     2 |     4 |     9 |     1 ||    18
       Chunk             |       |       |     3 |       |       ||     3
Armor: Leather armour    |    19 |    31 |   110 |    42 |       ||   202
       Robe              |     2 |       |       |       |       ||     2
       Troll leather arm |       |       |       |    81 |    16 ||    97
       Skin              |       |       |       |    12 |       ||    12
Dodge: Dodged            |    53 |    51 |    93 |   120 |    15 ||   332
Block: Shield            |       |       |   125 |   214 |    28 ||   367

Table legend:
 A = Non-vault XP
 B = Vault XP
 C = Vault XP percentage of total XP
 D = Non-vault monster count
 E = Vault monster count
 F = Vault count percentage of total count
                 A         B        C        D         E       F
            +---------+---------+-------+---------+---------+-------
      Total |   26206 |   16092 |  38.0 |     340 |     125 |  26.9
            +---------+---------+-------+---------+---------+-------
        D:1 |      23 |       0 |   0.0 |      12 |       0 |   0.0
        D:2 |      51 |       0 |   0.0 |      25 |       0 |   0.0
        D:3 |     106 |       0 |   0.0 |      23 |       0 |   0.0
        D:4 |     650 |      52 |   7.4 |      27 |       2 |   6.9
        D:5 |     311 |       7 |   2.2 |      13 |       7 |  35.0
        D:6 |     968 |       0 |   0.0 |      25 |       0 |   0.0
        D:7 |     324 |     983 |  75.2 |      14 |       5 |  26.3
        D:8 |    1014 |     863 |  46.0 |      22 |       8 |  26.7
        D:9 |    2168 |    3193 |  59.6 |      34 |      28 |  45.2
       D:10 |    1846 |    2581 |  58.3 |      25 |      51 |  67.1
       D:11 |    5674 |    5262 |  48.1 |      49 |      18 |  26.9
       D:12 |    5241 |       0 |   0.0 |      27 |       0 |   0.0
       D:13 |    5445 |     261 |   4.6 |      33 |       1 |   2.9
      Orc:1 |    2385 |    2890 |  54.8 |      11 |       5 |  31.2
            +---------+---------+-------+---------+---------+-------
